 Dungeon Crawl Stone Soup version 0.29.0-3-gbb0933ed62 (webtiles) character file.

Game seed: 7036386142282089658

6777 themarg the Martial Artist (level 11, -3/83 HPs)
             Began as a Gnoll Transmuter on Aug 25, 2022.
             Was a Priest of Qazlal.
             Slain by a two-headed ogre
             ... wielding a +0 giant club
              (31 damage)
             ... on level 9 of the Dungeon.
             The game lasted 00:30:49 (9627 turns).

themarg the Martial Artist (Gnoll Transmuter)       Turns: 9627, Time: 00:30:50

Health: -3/83      AC:  2    Str: 10    XL:     11   Next: 4%
Magic:  22/23      EV: 32    Int: 16    God:    Qazlal [***...]
Gold:   614        SH:  3    Dex: 25    Spells: 16/26 levels left

rFire   + . .      SeeInvis .     - Unarmed
rCold   + . .      Faith    .   (shield currently unavailable)
rNeg    . . .      Spirit   .   (body armour currently unavailable)
rPois   .          Reflect  .   (helmet currently unavailable)
rElec   .          Harm     .   (cloak currently unavailable)
rCorr   .          Rampage  .   (gloves currently unavailable)
Will    .....                   (boots currently unavailable)
Stlth   +++.......              (no amulet)
HPRegen 0.23/turn               s - ring of poison resistance
MPRegen 0.18/turn               A - ring "Tinureg" {rF+ rC+ EV+4 Dex+7}

@: lethally poisoned (-3 -> -7), spider-form, slowed, very slow
A: venomous fangs, tiny, (fangs 1), strong nose, distributed training
a: End Transformation, Renounce Religion, Upheaval, Elemental Force


You were on level 9 of the Dungeon.
You worshipped Qazlal.
Qazlal was most pleased with you.
You were a venomous arachnid creature.
You visited 1 branch of the dungeon, and saw 10 of its levels.

You collected 614 gold pieces.

Inventory:

Hand Weapons
 d - a +0 dagger
 p - the +11 dagger of Optimality (melded) {vamp, Dex+2}
   (You found it on level 2 of the Dungeon)

   It occasionally heals its wielder for a portion of the damage dealt when it
   wounds a living foe.
   Dex:       It affects your dexterity (+2).
 O - a +4 sling
Missiles
 r - 6 atropa-tipped darts
 Q - 2 throwing nets
Armour
 a - a +0 robe (melded)
 i - a +0 pair of gloves (melded)
 t - a +0 pair of boots (melded)
 x - a +0 cloak (melded)
 L - a +0 helmet (melded)
 P - an orb of energy (melded)
Jewellery
 s - a ring of poison resistance (left front leg)
 z - an amulet of guardian spirit
 A - the ring "Tinureg" (right front leg) {rF+ rC+ EV+4 Dex+7}
   (You found it on level 5 of the Dungeon)

   [ring of evasion]

   EV:        It affects your evasion (+4).
   Dex:       It affects your dexterity (+7).
   rF:        It protects you from fire.
   rC:        It protects you from cold.
 B - a ring of protection from fire
Wands
 w - a wand of digging (13)
 y - a wand of iceblast (23)
 D - a wand of mindburst (30)
 K - a wand of polymorph (9)
 M - a wand of paralysis (7)
Scrolls
 g - 6 scrolls of vulnerability
 j - 3 scrolls of teleportation
 o - a scroll of enchant armour
 q - a scroll of brand weapon
 v - 2 scrolls of immolation
 C - 3 scrolls of poison
 F - a scroll of blinking
 G - 2 scrolls of amnesia
 H - 2 scrolls of enchant weapon
 J - a scroll of magic mapping
Potions
 b - 2 potions of lignification
 c - 4 potions of degeneration
 e - a potion of haste {unknown}
 f - 2 potions of attraction {unknown}
 h - a potion of berserk rage {unknown}
 k - 4 potions of might
 l - 3 potions of curing
 m - 2 potions of invisibility
 n - 2 potions of flight
 u - 2 potions of heal wounds
 E - a potion of mutation {unknown}
 I - a potion of resistance {unknown}
 N - a potion of brilliance {unknown}


   Skills:
 + Level 6.7 Fighting
 + Level 6.1 Short Blades
 + Level 6.1 Long Blades
 + Level 6.1 Axes
 + Level 6.1 Maces & Flails
 + Level 6.1 Polearms
 + Level 6.1 Staves
 + Level 6.1 Ranged Weapons
 + Level 6.1 Throwing
 + Level 6.1 Armour
 + Level 7.7 Dodging
 + Level 6.1 Stealth
 + Level 6.1 Shields
 + Level 9.0 Unarmed Combat
 + Level 8.0 Spellcasting
 + Level 5.0 Conjurations
 + Level 5.0 Hexes
 + Level 5.0 Summonings
 + Level 5.0 Necromancy
 + Level 5.0 Translocations
 + Level 6.4 Transmutations
 + Level 5.0 Fire Magic
 + Level 5.0 Ice Magic
 + Level 5.0 Air Magic
 + Level 5.0 Earth Magic
 + Level 5.0 Poison Magic
 + Level 6.7 Invocations
 + Level 6.1 Evocations


You had 16 spell levels left.
You knew the following spells:

 Your Spells              Type           Power      Damage    Failure   Level
a - Beastly Appendage     Tmut           52%        N/A       4%          1
b - Wereblood             Tmut           26%        N/A       6%          2
c - Spider Form           Tmut/Pois      24%        N/A       11%         3
d - Ice Form              Ice/Tmut       24%        N/A       26%         4

Your spell library contained the following spells:

 Spells                   Type           Power      Damage    Failure   Level
 Summon Small Mammal      Summ           88%        N/A       6%          1
 Passwall                 Tmut/Erth      20%        N/A       7%          2
 Ensorcelled Hibernation  Hex/Ice        44%        N/A       9%          2
 Call Canine Familiar     Summ           22%        N/A       13%         3
 Portal Projectile        Hex/Tloc       44%        N/A       13%         3
 Summon Guardian Golem    Hex/Summ       22%        N/A       13%         3
 Swiftness                Air            22%        N/A       13%         3
 Leda's Liquefaction      Hex/Erth       11%        N/A       32%         4


Dungeon Overview and Level Annotations

Branches:
Dungeon (10/15)            Temple (0/1) D:5            Lair (0/5) D:10
    Orc: D:9-12

Altars:
Dithmenos
Kikubaaqudgha
Makhleb
Okawaru
Qazlal
Ru
Sif Muna
Uskayaw
Vehumet
Wu Jian

Shops:
D:9 :

Annotations:
D:9 Amaemon


Innate Abilities, Weirdness & Mutations

You are a venomous arachnid creature.
You have poisonous fangs.
You are tiny and dextrous.
Your spellcasting is less reliable in this form.
Your armour is entirely melded.
You are incapable of wielding weapons or throwing items.
((You have very sharp teeth.))
Your uncanny sense of smell can sniff out nearby items.
Your experience applies equally to all skills.


Message History

The kobold brigand throws a curare-tipped dart.
The curare-tipped dart completely misses you.
You hit the two-headed ogre but do no damage.
The two-headed ogre looks as sick as possible!
The two-headed ogre is moderately wounded.
The kobold brigand throws a curare-tipped dart.
The curare-tipped dart hits you.
You are poisoned.
You have difficulty breathing.
You feel yourself slow down. You block the two-headed ogre's attack.
The two-headed ogre completely misses you.
You hit the two-headed ogre.
The two-headed ogre looks as sick as possible!
The two-headed ogre is heavily wounded.
You feel very sick.
The two-headed ogre completely misses you. x2
You bite the two-headed ogre!
The two-headed ogre looks as sick as possible!
The two-headed ogre is severely wounded.
You feel very sick.
The kobold brigand throws a curare-tipped dart.
The curare-tipped dart completely misses you.
A kobold comes into view. It is wielding a +0 short sword.
The two-headed ogre completely misses you. x2
You hit the two-headed ogre.
The two-headed ogre looks as sick as possible!
The two-headed ogre is severely wounded.
You feel very sick.
You bite the kobold!
You kill the kobold!
Qazlal accepts your kill.
You feel very sick. The two-headed ogre misses you.
The two-headed ogre closely misses you.
You bite the kobold brigand!
The kobold brigand is poisoned.
The kobold brigand is heavily wounded.
You feel sick.
The kobold brigand is struck by lightning.
The kobold brigand hits you with a +0 short sword.
The two-headed ogre hits you with a +0 giant club!!
You die...

#...#####...##................
#....)).....##.............#..
##...#####.#..................
#.....#......................
.....#........[..................
.....K...........................
...........................#.....
................ยง.>..............
..#.........K..Ks................
.............O.................
.#..............................
...........................
...........................
..........................
.........)..)............
..............#####.....
........)#######....


You could see a two-headed ogre (extremely poisoned), a kobold brigand (very
poisoned) and a kobold.

Vanquished Creatures
  A two-headed ogre (D:9)
  Maggie (D:8)
  Prince Ribbit (D:5)
  A shadow (D:10)
  4 yaks (D:9)
  A wraith (D:7)
  2 wyverns
  2 water moccasins
  2 orc warriors
  2 black bears
  An ice beast (D:6)
  2 sky beasts (D:7)
  An ogre (D:6)
  2 phantoms
  5 centaurs
  A kobold brigand (D:8)
  2 bullfrogs (D:8)
  2 necrophages
  4 scorpions
  4 wights
  28 killer bees
  5 orc priests
  2 gnoll boudas (D:9)
  A jelly (D:5)
  8 hounds
  Jessica (D:3)
  6 iguanas (D:5)
  7 orc wizards
  11 gnolls
  2 adders (D:6)
  An ufetubus (D:3)
  A worm (D:2)
  A dart slug (D:1)
  29 orcs
  8 bats
  2 endoplasms
  4 giant cockroaches (D:1)
  7 goblins
  9 hobgoblins
  7 jackals
  4 quokkas
  7 ball pythons
  5 frilled lizards
  12 kobolds
  5 rats
214 creatures vanquished.

Vanquished Creatures (others)
  18 plants
18 creatures vanquished.

Grand Total: 232 creatures vanquished

Notes
Turn   | Place    | Note
-------+----------+-------------------------------------------
     0 | D:1      | themarg the Gnoll Transmuter began the quest for the Orb.
     0 | D:1      | Reached XP level 1. HP: 17/17 MP: 6/6
   126 | D:1      | Reached XP level 2. HP: 21/23 MP: 5/7
   768 | D:1      | Reached skill level 5 in Spellcasting
   768 | D:1      | Reached XP level 3. HP: 25/28 MP: 7/9
  1045 | D:1      | Reached skill level 1 in Invocations
  1647 | D:1      | Found a faded altar of an unknown god.
  1769 | D:2      | Identified the +11 dagger of Optimality {vamp, Dex+2}
  1789 | D:2      | Reached skill level 1 in Short Blades
  1789 | D:2      | Reached skill level 1 in Long Blades
  1789 | D:2      | Reached skill level 1 in Axes
  1789 | D:2      | Reached skill level 1 in Maces & Flails
  1789 | D:2      | Reached skill level 1 in Polearms
  1789 | D:2      | Reached skill level 1 in Staves
  1789 | D:2      | Reached skill level 1 in Ranged Weapons
  1789 | D:2      | Reached skill level 1 in Throwing
  1789 | D:2      | Reached skill level 1 in Armour
  1789 | D:2      | Reached skill level 1 in Stealth
  1789 | D:2      | Reached skill level 1 in Shields
  1789 | D:2      | Reached skill level 1 in Evocations
  1866 | D:2      | Learned a level 2 spell: Wereblood
  1870 | D:2      | Learned a level 3 spell: Spider Form
  1984 | D:2      | Reached XP level 4. HP: 30/34 MP: 9/11
  2348 | D:2      | Found an iron altar of Okawaru.
  2744 | D:3      | Found a burning altar of Makhleb.
  2744 | D:3      | Noticed an Executioner
  3140 | D:3      | Noticed Jessica
  3143 | D:3      | Killed Jessica
  3144 | D:3      | Reached skill level 1 in Conjurations
  3144 | D:3      | Reached skill level 1 in Hexes
  3144 | D:3      | Reached skill level 1 in Summonings
  3144 | D:3      | Reached skill level 1 in Necromancy
  3144 | D:3      | Reached skill level 1 in Translocations
  3144 | D:3      | Reached skill level 1 in Fire Magic
  3144 | D:3      | Reached skill level 1 in Ice Magic
  3144 | D:3      | Reached skill level 1 in Air Magic
  3144 | D:3      | Reached skill level 1 in Earth Magic
  3144 | D:3      | Reached skill level 1 in Poison Magic
  3586 | D:4      | Noticed a scorpion
  3598 | D:4      | Killed a scorpion
  3599 | D:4      | Reached XP level 5. HP: 41/41 MP: 7/12
  3740 | D:4      | Found a stormy altar of Qazlal.
  3754 | D:4      | Became a worshipper of Qazlal Stormbringer
  3998 | D:5      | Entered Level 5 of the Dungeon
  4001 | D:5      | Noticed Prince Ribbit
  4015 | D:5      | Killed Prince Ribbit
  4016 | D:5      | Reached skill level 5 in Dodging
  4016 | D:5      | Reached XP level 6. HP: 13/47 MP: 11/14
  4266 | D:5      | Reached skill level 7 in Unarmed Combat
  4266 | D:5      | Reached XP level 7. HP: 52/52 MP: 11/15
  4268 | D:5      | Identified the ring "Tinureg" {rF+ rC+ EV+4 Dex+7}
  4622 | D:5      | Found a staircase to the Ecumenical Temple.
  4661 | D:5      | Reached XP level 8. HP: 46/60 MP: 12/16
  4966 | D:5      | Found a hide-covered altar of Uskayaw.
  5654 | D:6      | Reached * piety under Qazlal
  5858 | D:6      | Found an ornate altar of the Wu Jian Council.
  5889 | D:6      | Reached skill level 5 in Transmutations
  6025 | D:6      | Noticed a wyvern
  6033 | D:6      | Killed a wyvern
  6034 | D:6      | Reached XP level 9. HP: 51/67 MP: 15/18
  6331 | D:6      | Reached skill level 5 in Fighting
  6359 | D:6      | Found a sacrificial altar of Ru.
  6605 | D:7      | Identified the +1 falchion of Diet Blood {flame, Drain
                  | Fragile +Blink Int+8}
  6668 | D:7      | Reached skill level 8 in Unarmed Combat
  6793 | D:7      | Reached skill level 5 in Invocations
  7002 | D:7      | Found an ornate altar of the Wu Jian Council.
  7270 | D:7      | Found a shimmering blue altar of Sif Muna.
  7325 | D:7      | You fall into a shaft and drop 3 floors!
  7325 | D:10     | Entered Level 10 of the Dungeon
  7355 | D:10     | Reached ** piety under Qazlal
  7356 | D:10     | Reached skill level 5 in Short Blades
  7356 | D:10     | Reached skill level 5 in Long Blades
  7356 | D:10     | Reached skill level 5 in Axes
  7356 | D:10     | Reached skill level 5 in Maces & Flails
  7356 | D:10     | Reached skill level 5 in Polearms
  7356 | D:10     | Reached skill level 5 in Staves
  7356 | D:10     | Reached skill level 5 in Ranged Weapons
  7356 | D:10     | Reached skill level 5 in Throwing
  7356 | D:10     | Reached skill level 5 in Armour
  7356 | D:10     | Reached skill level 5 in Stealth
  7356 | D:10     | Reached skill level 5 in Shields
  7356 | D:10     | Reached skill level 5 in Evocations
  7356 | D:10     | Reached XP level 10. HP: 9/76 MP: 18/20
  7592 | D:10     | Found a staircase to the Lair.
  7648 | D:10     | Learned a level 4 spell: Ice Form
  7669 | D:8      | Found an ancient bone altar of Kikubaaqudgha.
  7674 | D:8      | Found a shadowy altar of Dithmenos.
  7674 | D:8      | Found a radiant altar of Vehumet.
  7702 | D:8      | Noticed Maggie
  8258 | D:8      | Paralysed by Maggie for 5 turns
  8262 | D:8      | Killed Maggie
  8912 | D:9      | Noticed a two-headed ogre
  8928 | D:9      | Killed a two-headed ogre
  8929 | D:9      | Reached skill level 9 in Unarmed Combat
  8963 | D:9      | Reached skill level 5 in Conjurations
  8963 | D:9      | Reached skill level 5 in Hexes
  8963 | D:9      | Reached skill level 5 in Summonings
  8963 | D:9      | Reached skill level 5 in Necromancy
  8963 | D:9      | Reached skill level 5 in Translocations
  8963 | D:9      | Reached skill level 5 in Fire Magic
  8963 | D:9      | Reached skill level 5 in Ice Magic
  8963 | D:9      | Reached skill level 5 in Air Magic
  8963 | D:9      | Reached skill level 5 in Earth Magic
  8963 | D:9      | Reached skill level 5 in Poison Magic
  9020 | D:9      | Reached XP level 11. HP: 83/83 MP: 20/22
  9050 | D:9      | Reached *** piety under Qazlal
  9424 | D:9      | Found Nopn's Book Shoppe.
  9591 | D:9      | Noticed Amaemon
  9611 | D:9      | Noticed a two-headed ogre
  9627 | D:9      | Slain by a two-headed ogre

Illustrated notes

Levels and vault maps discovered:
D:1:      eino_arrival_tree_alley, layout_loops_corners,
          shapermc_ecumenical_altar_petra
D:2:      layout_basic, basic_altar, chequers_decorated_corner
D:3:      layout_basic, makhleb_altar_promises_db, serial_forest,
          infiniplex_forest_diagonal, infiniplex_forest_side_room,
          infiniplex_forest_diagonal, infiniplex_forest_straight_4,
          infiniplex_forest_side_room, infiniplex_forest_lined_3_way,
          infiniplex_forest_lined_3, infiniplex_forest_straight_2,
          chequers_serial_rivers_room_a, uniq_jessica
D:4:      layout_basic, grunt_qazlal_sundering
D:5:      layout_basic, nicolae_uskayaw_dance_hall, minmay_temple_entry_hall,
          serial_bayou_lagoon_a, kennysheep_generic_room_7, uniq_prince_ribbit1
D:6:      layout_loops_ring, marbit_many_paths, minmay_ruined_shrine
D:7:      layout_basic, lemuel_round_altar, nicolae_wu_jian_immortal_techniques
D:8:      layout_rooms, chequers_temple_overflow_statue_of_worship,
          amcnicky_mini_rare_corridor_liquid, uniq_maggie
D:9:      layout_cross, elyvilon_altar_5, serial_gnoll_camp,
          gnoll_camp_mini_shop, gnoll_camp_mini_house, gnoll_camp_mini_doghouse,
          gnoll_camp_mini_hut, gnoll_camp_mini_house, uniq_amaemon
D:10:     layout_basic, dpeg_oklobed_lair, david_orc_5, serial_curves,
          eino_curves_02, eino_curves_02, bh_walls_and_bars, uniq_erolcha

Skill      XL: |  1  2  3  4  5  6  7  8  9 10 11 |
---------------+----------------------------------+-----
Spellcasting   | 5 6 7 8 |  8.0
Invocations    | 1 2 3 4 5 6 |  6.7
Short Blades   | 1 2 3 4 5 6 |  6.1
Long Blades    | 1 2 3 4 5 6 |  6.1
Axes           | 1 2 3 4 5 6 |  6.1
Maces & Flails | 1 2 3 4 5 6 |  6.1
Polearms       | 1 2 3 4 5 6 |  6.1
Staves         | 1 2 3 4 5 6 |  6.1
Ranged Weapons | 1 2 3 4 5 6 |  6.1
Throwing       | 1 2 3 4 5 6 |  6.1
Armour         | 1 2 3 4 5 6 |  6.1
Stealth        | 1 2 3 4 5 6 |  6.1
Shields        | 1 2 3 4 5 6 |  6.1
Evocations     | 1 2 3 4 5 6 |  6.1
Conjurations   | 1 2 3 4 5 |  5.0
Hexes          | 1 2 3 4 5 |  5.0
Summonings     | 1 2 3 4 5 |  5.0
Necromancy     | 1 2 3 4 5 |  5.0
Translocations | 1 2 3 4 5 |  5.0
Fire Magic     | 1 2 3 4 5 |  5.0
Ice Magic      | 1 2 3 4 5 |  5.0
Air Magic      | 1 2 3 4 5 |  5.0
Earth Magic    | 1 2 3 4 5 |  5.0
Poison Magic   | 1 2 3 4 5 |  5.0
Fighting       | 3 4 5 6 |  6.7
Transmutations | 4 5 6 |  6.4
Dodging        | 5 6 7 |  7.7
Unarmed Combat | 7 8 9 |  9.0

Action                   |  1- 3 |  4- 6 |  7- 9 | 10-12 || total
-------------------------+-------+-------+-------+-------++-------
Melee: Dagger            |   126 |    48 |     1 |       ||   175
       Unarmed           |     6 |    26 |   251 |   239 ||   522
       Kick              |    21 |     1 |       |       ||    22
       Headbutt          |    22 |       |     1 |       ||    23
       Bite              |    11 |     7 |       |       ||    18
       Punch             |     2 |     2 |       |       ||     4
 Cast: Beastly Appendage |    26 |    17 |     1 |       ||    44
       Spider Form       |       |     5 |    31 |    25 ||    61
       Wereblood         |       |     1 |     7 |    10 ||    18
  Use: Scroll            |       |       |    12 |     5 ||    17
       Potion            |       |       |       |     1 ||     1
 Stab: Sleeping          |     1 |     7 |     3 |       ||    11
Armor: Robe              |    26 |     5 |       |     1 ||    32
       Skin              |       |     2 |    11 |     4 ||    17
Dodge: Dodged            |   103 |    33 |   243 |   253 ||   632
Block: Other             |       |       |     5 |    25 ||    30
